 Dungeon Crawl Stone Soup version 0.17.0-23-g0de4337 (webtiles) character file.

5404 YorNeim the Cleaver (level 10, -7/90 HPs)
             Began as a Minotaur Berserker on Nov 14, 2015.
             Was a High Priest of Trog.
             Killed from afar by Galdon's ghost (10 damage)
             ... with a spray of energy
             ... on level 1 of the Lair of Beasts.
             The game lasted 02:06:45 (7147 turns).

YorNeim the Cleaver (Minotaur Berserker)            Turns: 7147, Time: 02:06:45

Health: -7/90      AC: 13    Str: 28    XL:     10   Next: 40%
Magic:  9/9        EV:  7    Int:  4    God:    Trog [*****.]
Gold:   365        SH: 18    Dex: 12    Spells: 0 memorised, 9 levels left

rFire  . . .     SeeInvis .     N - +1 hand axe (venom)
rCold  . . .     Clarity  .     P - +0 plate armour
rNeg   . . .     SustAt   +     C - +0 large shield
rPois  .         Gourm    .     (helmet restricted)
rElec  .         Spirit   .     (no cloak)
rCorr  .         Warding  .     (no gloves)
rMut   .         Stasis   .     (no boots)
MR     ++...                    n - amulet of faith
Stlth  ..........               I - ring of Imas {Str+5 Stlth+}
                                z - ring of sustain attributes

@: exhausted, regenerating, slowed, very slow, very resistant to hostile
enchantments, extremely unstealthy
A: retaliatory headbutt, horns 2
a: Berserk, Trog's Hand, Brothers in Arms, Burn Spellbooks, Renounce Religion


You were on level 1 of the Lair of Beasts.
You worshipped Trog.
Trog was extremely pleased with you.
You were very hungry.

You visited 3 branches of the dungeon, and saw 10 of its levels.

You collected 365 gold pieces.

Inventory:

Hand Weapons
 q - a +0 blowgun
 s - a +0 hunting sling
 t - a +3 great mace of holy wrath
 N - a +1 hand axe of venom (weapon)
Missiles
 b - 50 bolts
 e - 52 sling bullets (quivered)
 j - 17 poisoned needles
 p - 18 arrows of flame
 u - 89 arrows
 y - 23 arrows of frost
 Q - 4 tomahawks
Armour
 C - a +0 large shield (worn)
 P - a +0 plate armour (worn)
Jewellery
 n - an amulet of faith (around neck)
 z - a ring of sustain attributes (left hand)
 G - an uncursed amulet of clarity
 I - the ring of Imas (right hand) {Str+5 Stlth+}
   (You took it off a crimson imp on level 5 of the Dungeon)

   [ring of stealth]

   It affects your strength (+5).
   It makes you more stealthy.
Wands
 a - a wand of polymorph (11)
 D - a wand of frost (29)
 K - a wand of digging (19)
 M - a wand of draining (6)
Scrolls
 d - 3 scrolls of remove curse {unknown}
 f - 4 scrolls of teleportation {unknown}
 k - a scroll of fear {unknown}
 m - 4 scrolls of random uselessness {unknown}
 o - 3 scrolls of amnesia {unknown}
 w - a scroll of noise {unknown}
 x - 3 scrolls of enchant weapon {unknown}
 B - a scroll of enchant armour {unknown}
 E - a scroll of immolation {unknown}
 L - a scroll of vulnerability {unknown}
Potions
 g - a potion of might
 h - 2 potions of flight
 i - 2 potions of agility
 l - 3 potions of berserk rage
 v - 2 potions of haste
 A - a potion of lignification
 H - 4 potions of curing
Books
 O - a book of Changes

   Spells                             Type                      Level
   a - Beastly Appendage              Transmutation                1
   b - Sticks to Snakes               Transmutation                2
   c - Spider Form                    Transmutation/Poison         3
   d - Ice Form                       Ice/Transmutation            4
   e - Blade Hands                    Transmutation                5
   Trog disapproves of the use of such an item.
Comestibles
 c - 3 meat rations
 r - 5 bread rations


   Skills:
 + Level 8.6 Fighting
 + Level 10.3 Axes
 + Level 1.8(2.0) Slings
 + Level 1.0(1.4) Throwing
 + Level 8.6 Armour
 + Level 6.4 Dodging
 + Level 1.2 Stealth
 + Level 8.1 Shields


You had 9 spell levels left.
You didn't know any spells.

Dungeon Overview and Level Annotations

Branches:
Dungeon (8/15)             Temple (1/1) D:6            Lair (1/8) D:8

Altars:
Ashenzari
Cheibriados
Dithmenos
Elyvilon
Fedhas
Gozag
Kikubaaqudgha
Makhleb
Nemelex Xobeh
Okawaru
Qazlal
Ru
Sif Muna
Trog
Vehumet
Xom
Yredelemnul
Zin
The Shining One

Shops:
D:4 *   D:5 *   D:7 *   D:8 *

Annotations:
Lair:1 Galdon's ghost, journeyman SpCj


Innate Abilities, Weirdness & Mutations

You reflexively headbutt those who attack you in melee.
You have a pair of horns on your head.


Message History

You feel less confused.
Galdon's ghost points at you and mumbles some strange words.
The magic dart hits you!
Galdon's ghost says, "I sacrificed my body for ultimate power!"
You block Galdon's ghost's attack.
You hit Galdon's ghost. Your headbutt misses Galdon's ghost.
Galdon's ghost is moderately damaged.
You block Galdon's ghost's attack. You block Galdon's ghost's attack.
Galdon's ghost screams, "To die, to sleep, no more."
Galdon's ghost gestures at you while chanting.
The orb of energy hits you!
* * * LOW HITPOINT WARNING * * *
The orb of energy explodes!
Galdon's ghost points at you and mumbles some strange words.
The magic dart hits you!
* * * LOW HITPOINT WARNING * * *
Galdon's ghost casts a spell at you. The spray of energy hits you!
You die...

#.........#
#........#
#.'(# ##..##
###..#.##
#.......#
#....W..##
#........#
#....@..##
###........#
#.........##
..#.......#
.##.......#
##P..####
###..##
#...#
###.###


You could see Galdon's ghost.

Vanquished Creatures
  The ghost of OmG the Transmogrifier, a novice DrTm of Okawaru (D:7)
  Pikel (D:7)
  A griffon (D:8)
  A fire drake (D:8)
  Sigmund (D:2)
  A hippogriff (D:8)
  A water moccasin (Lair:1)
  Duvessa (D:4)
  2 sky beasts (D:8)
  A black bear (D:6)
  4 orc warriors
  A slave (D:7)
  8 ogres
  A big kobold (D:7)
  Dowan (D:4)
  4 giant frogs
  3 scorpions
  A water moccasin skeleton (D:8)
  3 wights (D:7)
  A centaur zombie (D:5)
  2 giant frog zombies (D:5)
  4 crimson imps
  3 iguanas
  2 jellies (D:7)
  3 worker ants
  2 centaur skeletons
  2 giant frog skeletons
  4 hounds
  Crazy Yiuf (D:7)
  Ijyb (D:3)
  4 orc priests
  5 orc wizards
  A gnoll (D:1)
  9 adders
  An ooze (D:3)
  2 adder skeletons
  2 worms
  8 giant geckos
  14 orcs
  2 ball pythons
  7 giant cockroaches
  7 hobgoblins
  8 jackals
  9 quokkas
  12 bats
  7 giant newts
  6 goblins
  A jackal skeleton (D:6)
  2 jackal zombies (D:5)
  12 kobolds
  A quokka skeleton (D:5)
  A quokka zombie (D:5)
  12 rats
195 creatures vanquished.

Vanquished Creatures (others)
  A centaur (D:7)
  An ogre (D:7)
  A centaur zombie (D:7)
  A centaur skeleton (D:7)
  A fulminant prism (Lair:1)
  A plant (Lair:1)
6 creatures vanquished.

Grand Total: 201 creatures vanquished

Notes
Turn   | Place    | Note
--------------------------------------------------------------
     0 | D:1      | YorNeim the Minotaur Berserker began the quest for the Orb.
     0 | D:1      | Reached XP level 1. HP: 19/19 MP: 0/0
     1 | D:1      | Noticed an electric eel
   140 | D:1      | Reached XP level 2. HP: 5/27 MP: 1/1
   141 | D:1      | Reached skill level 4 in Fighting
   448 | D:1      | Reached XP level 3. HP: 33/33 MP: 2/2
   453 | D:1      | Reached ** piety under Trog
   891 | D:2      | Reached XP level 4. HP: 31/41 MP: 3/3
  1046 | D:2      | Found a radiant altar of Vehumet.
  1180 | D:2      | Reached *** piety under Trog
  1324 | D:2      | Noticed Sigmund
  1340 | D:2      | Killed Sigmund
  1340 | D:2      | Reached skill level 5 in Fighting
  1340 | D:2      | Reached skill level 5 in Axes
  1340 | D:2      | Reached XP level 5. HP: 48/48 MP: 4/4
  1816 | D:3      | Noticed Ijyb
  1820 | D:3      | Killed Ijyb
  1820 | D:3      | Reached XP level 6. HP: 54/57 MP: 5/5
  2210 | D:3      | Found a glowing golden altar of the Shining One.
  2740 | D:4      | Found Gozag's Platinum Reserve.
  2740 | D:4      | Found an opulent altar of Gozag.
  2796 | D:4      | Noticed Duvessa
  2798 | D:4      | Noticed Dowan
  2805 | D:4      | Killed Duvessa
  2811 | D:4      | Killed Dowan
  2811 | D:4      | Reached skill level 6 in Fighting
  2861 | D:4      | Reached XP level 7. HP: 63/63 MP: 6/6
  3177 | D:4      | Found a deep blue altar of Sif Muna.
  3290 | D:5      | Entered Level 5 of the Dungeon
  3296 | D:5      | Reached **** piety under Trog
  3407 | D:5      | Found Dumaeck's General Store.
  3446 | D:5      | Found a radiant altar of Vehumet.
  3564 | D:5      | Reached skill level 5 in Dodging
  3657 | D:5      | Reached skill level 5 in Armour
  3739 | D:5      | Reached skill level 1 in Shields
  3967 | D:5      | Reached XP level 8. HP: 48/71 MP: 7/7
  3996 | D:5      | Reached skill level 7 in Axes
  4105 | D:5      | Got a glittering glass ring
  4107 | D:5      | Identified the ring of Imas {Str+5 Stlth+} (You took it off a crimson imp on level 5 of the Dungeon)
  4381 | D:6      | Found a glowing silver altar of Zin.
  4385 | D:6      | Found a staircase to the Ecumenical Temple.
  5070 | D:6      | Reached skill level 8 in Axes
  5070 | D:6      | Reached skill level 1 in Stealth
  5210 | D:6      | Reached XP level 9. HP: 79/79 MP: 8/8
  5317 | Temple   | Entered the Ecumenical Temple
  5439 | D:7      | Noticed Pikel
  5448 | D:7      | Killed Pikel
  5448 | D:7      | Reached ***** piety under Trog
  5448 | D:7      | Reached skill level 5 in Shields
  5491 | D:7      | Noticed OmG's ghost (novice DrTm)
  5502 | D:7      | Killed OmG's ghost
  5502 | D:7      | Reached skill level 9 in Axes
  5515 | D:7      | Found Penill's General Store.
  5961 | D:7      | Noticed Crazy Yiuf
  5979 | D:7      | Killed Crazy Yiuf
  6078 | D:8      | Found a white marble altar of Elyvilon.
  6139 | D:8      | Reached XP level 10. HP: 80/90 MP: 9/9
  6309 | D:8      | Found Maf Ala's Assorted Antiques.
  6381 | D:8      | Reached skill level 10 in Axes
  6396 | D:8      | Noticed a fire drake
  6406 | D:8      | Killed a fire drake
  6423 | D:8      | Found a staircase to the Lair.
  6467 | D:8      | Noticed a griffon
  6474 | D:8      | Killed a griffon
  6671 | D:8      | Reached skill level 1 in Slings
  7058 | Lair:1   | Entered Level 1 of the Lair of Beasts
  7106 | Lair:1   | Received a gift from Trog
  7106 | Lair:1   | Reached skill level 1 in Throwing
  7118 | Lair:1   | Noticed Galdon's ghost (journeyman SpCj)
  7147 | Lair:1   | HP: 3/90 [Galdon's ghost/magic dart (4)]
  7147 | Lair:1   | Killed from afar by Galdon's ghost

Action                   |  1- 3 |  4- 6 |  7- 9 | 10-12 || total
-------------------------+-------+-------+-------+-------++-------
Melee: Hand axe          |    62 |    84 |    12 |    88 ||   246
       War axe           |       |    32 |   262 |       ||   294
 Fire: Hunting sling     |       |       |       |    21 ||    21
       Blowgun           |       |       |       |     4 ||     4
Invok: Berserk           |     3 |     3 |     7 |     1 ||    14
       Trog's Hand       |       |     1 |       |     1 ||     2
  Use: Scroll            |       |     4 |     6 |     1 ||    11
       Potion            |       |       |     1 |     1 ||     2
  Eat: Chunk             |     3 |     5 |    18 |     4 ||    30
       Bread ration      |       |     1 |       |       ||     1
